Map: King's Cove LE

Players

Namshar - Winner!

  • Race: Zerg Zerg
  • Spawn Location: 11:00

cure

  • Race: Terran Terran
  • Spawn Location: 5:00

Event: IEM Season 13: Katowice (2019)

VOD

Have the link to the VOD?

Description

Time

  • Played on: Feb. 25, 2019, 5:21 a.m.
  • Length: 18:57

All games in this series

Show
View Real Time Build Order
Export as new Build Order

Namshar Zerg - Winner!

Build Orders: Hatch First, Brood Lord Corruptor 

Get SALT Encoding   

  12  0:00  Drone  
  13  0:12  Overlord  
  13  0:17  Drone  
  14  0:31  Drone x2  
  16  0:49  Hatchery  
  15  0:52  Drone  
  15  0:56  Drone  
  17  0:59  Drone  
  18  1:10  Extractor  
  17  1:15  Spawning Pool  
  17  1:18  Drone  
  17  1:21  Drone  
  18  1:28  Drone  
  19  1:38  Drone  
  20  1:49  Drone  
  21  2:02  Queen x2, Zergling x2  
  21  2:03  Zergling x2  
  27  2:11  Drone  
  27  2:12  Overlord  
  28  2:24  Hatchery  
  28  2:26  Drone  
  28  2:33  Drone x2  
  28  2:36  Drone  
  31  2:42  Queen  
  33  2:47  Metabolic Boost  
  33  2:52  Overlord  
  33  2:54  Drone  
  33  2:57  Drone  
  35  3:04  Overlord  
  35  3:05  Drone  
  36  3:14  Drone  
  36  3:15  Drone x3  
  36  3:17  Drone  
  41  3:20  Queen  
  41  3:24  Drone  
  41  3:26  Drone  
  45  3:31  Queen  
  45  3:33  Drone  
  48  3:37  Baneling Nest  
  47  3:44  Drone x3  
  50  3:50  Overlord  
  50  3:52  Drone x2, Zergling x2  
  50  3:53  Zergling x2  
  50  3:55  Zergling x2  
  55  4:04  Zergling x6  
  55  4:09  Overlord  
  58  4:10  Drone x2  
  58  4:11  Drone  
  58  4:15  Zergling x2  
  62  4:21  Baneling, Zergling x2  
  62  4:22  Baneling x2  
  63  4:25  Drone, Overlord  
  63  4:26  Drone  
  63  4:29  Drone x2  
  66  4:31  Drone  
  66  4:35  Overlord x2  
  67  4:42  Queen  
  67  4:45  Spore Crawler  
  68  4:48  Overlord x2  
  68  4:50  Drone  
  68  4:51  Drone x4  
  71  5:01  Drone x2  
  71  5:02  Drone  
  71  5:04  Drone  
  75  5:13  Lair  
  75  5:14  Drone x2  
  75  5:15  Drone x3  
  75  5:17  Evolution Chamber, Extractor  
  75  5:18  Extractor  
  75  5:19  Drone x2, Extractor  
  78  5:22  Drone  
  78  5:28  Drone x4  
  83  5:35  Drone  
  83  5:43  Evolution Chamber, Zergling x2  
  83  5:48  Drone x7  
  83  5:49  Drone x4  
  94  5:52  Zerg Ground Armor Level 1  
  94  6:04  Zergling x6  
  93  6:11  Zergling x2  
  93  6:12  Zergling x4  
  93  6:15  Drone x4  
  95  6:26  Hatchery  
  95  6:27  Extractor  
  95  6:28  Centrifical Hooks  
  95  6:30  Zerg Melee Weapons Level 1  
  95  6:31  Hydralisk Den  
  92  6:33  Zergling x14  
  92  6:38  Extractor  
  98  6:41  Zergling x10  
  98  6:42  Hatchery  
  102  6:48  Baneling  
  102  6:49  Baneling x5  
  102  6:52  Zergling x2  
  102  6:53  Zergling x6  
  105  7:11  Muscular Augments  
  105  7:14  Drone, Infestation Pit  
  105  7:16  Baneling x3  
  105  7:19  Drone, Overlord  
  105  7:20  Overlord x4  
  106  7:28  Baneling  
  106  7:29  Baneling  
  106  7:33  Overlord x4  
  106  7:34  Overseer  
  106  7:37  Queen  
  106  7:42  Drone  
  106  7:43  Drone x2  
  106  7:44  Hydralisk x9  
  124  7:56  Queen, Zergling x10  
  123  8:01  Hydralisk  
  123  8:02  Hydralisk x4  
  133  8:06  Hydralisk x2  
  135  8:14  Hydralisk  
  135  8:15  Zergling x8  
  135  8:19  Hydralisk  
  140  8:20  Zergling x4  
  140  8:23  Grooved Spines  
  140  8:24  Hydralisk, Zergling x2  
  142  8:28  Zerg Melee Weapons Level 2, Hive  
  142  8:35  Overlord x2  
  142  8:36  Zergling x10  
  142  8:40  Drone  
  148  8:41  Drone  
  148  8:46  Zerg Ground Armor Level 2  
  148  8:47  Zergling x10  
  148  8:48  Zergling x2  
  154  8:50  Overlord  
  154  8:51  Zergling x4  
  153  9:13  Hatchery  
  153  9:16  Zergling x2  
  153  9:17  Zergling x32  
  153  9:18  Baneling x8  
  153  9:19  Baneling x4  
  169  9:25  Baneling x2  
  169  9:26  Baneling x2  
  169  9:27  Baneling x2  
  169  9:28  Baneling, Zergling x12  
  171  9:43  Pneumatized Carapace  
  171  9:44  Adrenal Glands  
  157  9:54  Hydralisk, Zergling x2  
  157  9:55  Zergling x18  
  157  9:57  Drone x2  
  157  9:58  Drone x3  
  174  10:04  Drone  
  174  10:05  Spire  
  172  10:18  Zergling x2  
  172  10:19  Zergling x14  
  178  10:24  Overseer  
  178  10:30  Drone x4  
  178  10:31  Drone x2, Extractor x2  
  178  10:32  Drone x3  
  178  10:34  Zergling x2  
  178  10:35  Zergling x8  
  190  10:39  Baneling x5  
  190  10:43  Pathogen Glands  
  190  10:46  Baneling x5  
  190  10:47  Baneling, Zergling x16  
  198  10:53  Queen  
  200  11:04  Baneling x2  
  200  11:05  Baneling x5  
  172  11:31  Zergling x2  
  172  11:32  Zergling x40  
  187  11:33  Zergling x12  
  187  11:34  Zerg Melee Weapons Level 3, Zerg Ground Armor Level 3  
  192  11:46  Zergling x14  
  191  11:54  Zergling x18  
  169  12:02  Zergling x4  
  161  12:09  Zergling x12  
  161  12:14  Baneling x4  
  161  12:15  Baneling x3  
  165  12:20  Zergling x10  
  165  12:21  Zergling x6  
  152  12:24  Greater Spire  
  147  12:34  Corruptor x6  
  147  12:35  Corruptor x4  
  160  12:51  Drone x3  
  162  12:52  Drone  
  162  12:53  Drone  
  162  12:54  Spore Crawler  
  162  12:57  Spore Crawler  
  163  13:03  Overseer  
  163  13:04  Overseer  
  163  13:06  Zergling x16  
  163  13:08  Baneling x8  
  158  13:37  Zergling x22  
  169  13:43  Zergling x12  
  169  13:44  Zergling x20  
  175  13:52  Zergling x22  
  175  13:53  Zergling x2  
  181  13:58  Zerg Flyer Weapons Level 1  
  178  14:05  Brood Lord x8  
  177  14:17  Hatchery  
  177  14:20  Brood Lord x2  
  180  14:25  Zerg Missile Weapons Level 1  
  180  14:26  Infestor  
  180  14:27  Infestor x3  
  188  14:32  Overseer  
  188  14:33  Overseer  
  188  14:48  Baneling x6  
  187  14:55  Hatchery, Zergling x16  
  194  15:02  Baneling x9  
  192  15:13  Zergling x2  
  192  15:14  Zergling x36  
  176  15:29  Drone  
  176  15:30  Drone x11  
  182  15:38  Baneling x10  
  168  15:57  Infestor x2  
  168  15:59  Corruptor x3  
  176  16:08  Corruptor x3  
  176  16:09  Hydralisk Den  
  176  16:10  Hatchery  
  180  16:16  Queen  
  182  16:19  Drone x2  
  179  16:39  Baneling  
  179  16:40  Baneling x6  
  179  16:44  Baneling x5  
  179  16:46  Overseer  
  179  16:50  Spore Crawler  
  179  16:51  Corruptor x2  
  179  16:52  Corruptor x2  
  184  17:04  Corruptor  
  184  17:05  Corruptor  
  184  17:08  Baneling x3, Spine Crawler  
  184  17:09  Spine Crawler  
  184  17:12  Overseer  
  177  17:24  Corruptor x2  
  177  17:25  Corruptor x2  
  185  17:33  Infestor  
  185  17:35  Drone x2, Extractor  
  185  17:36  Drone x4, Extractor  
  191  17:39  Spine Crawler  
  191  17:41  Queen  
  188  17:47  Drone x6  
  192  17:56  Zergling x12  
  193  17:58  Infestor  
  193  18:04  Queen x2  
  199  18:16  Drone  
  199  18:17  Drone  
Show
View Real Time Build Order
Export as new Build Order

cure Terran 

Build Orders: Gas First Reaper Expand, Liberator Opening 

Get SALT Encoding   

  12  0:00  SCV  
  13  0:12  SCV  
  14  0:17  Supply Depot  
  14  0:24  SCV  
  15  0:28  Refinery  
  15  0:39  SCV  
  16  0:45  Barracks  
  16  0:51  SCV  
  17  1:03  SCV  
  18  1:15  SCV  
  19  1:31  Orbital Command  
  19  1:32  Reaper  
  20  1:43  Command Center  
  20  1:54  Factory  
  20  1:57  SCV  
  21  2:03  Refinery  
  21  2:06  Barracks Reactor  
  21  2:09  SCV  
  21  2:15  Supply Depot  
  22  2:21  SCV  
  23  2:36  SCV  
  24  2:42  Starport  
  24  2:48  SCV  
  24  2:50  Hellion x2  
  29  2:54  Orbital Command  
  29  2:59  Marine  
  29  3:00  SCV  
  29  3:05  Liberator  
  31  3:15  Hellion  
  31  3:16  SCV, Hellion  
  36  3:26  SCV  
  40  3:28  SCV  
  40  3:32  Barracks Tech Lab  
  41  3:34  Supply Depot  
  41  3:38  SCV  
  41  3:40  SCV  
  43  3:43  Supply Depot  
  43  3:45  Hellion  
  43  3:47  Liberator  
  45  3:55  SCV  
  46  3:56  SCV, Hellion  
  46  4:02  Barracks Tech Lab  
  49  4:07  SCV  
  49  4:08  SCV  
  54  4:19  SCV  
  54  4:20  SCV  
  56  4:28  Marine, Command Center  
  56  4:30  Stimpack  
  56  4:31  SCV  
  58  4:32  SCV  
  59  4:40  Supply Depot  
  59  4:41  Factory Reactor  
  59  4:43  SCV  
  59  4:44  SCV  
  61  4:49  Starport Reactor  
  61  4:50  Marine  
  61  4:51  Barracks  
  62  4:54  Barracks  
  62  5:01  SCV  
  62  5:02  Supply Depot x2, SCV  
  64  5:08  Marine  
  64  5:12  Engineering Bay  
  64  5:13  SCV  
  63  5:14  Engineering Bay, SCV  
  64  5:24  Refinery  
  64  5:25  Refinery  
  64  5:26  Marine, SCV x2  
  67  5:36  Factory Reactor  
  67  5:38  SCV x2  
  67  5:39  Terran Infantry Weapons Level 1  
  69  5:43  Marine x2  
  69  5:44  Marine, Orbital Command  
  69  5:47  Terran Infantry Armor Level 1  
  69  5:50  SCV x2  
  69  5:51  Marine x2  
  69  5:53  Medivac  
  69  5:55  Medivac  
  77  6:01  Marine x2  
  75  6:04  SCV x2  
  75  6:05  Marine  
  75  6:09  Marine x2  
  80  6:11  Orbital Command  
  78  6:19  Marine x2  
  78  6:20  Widow Mine x2  
  78  6:21  SCV x2  
  78  6:23  Marine  
  80  6:26  Marine x2  
  80  6:30  Combat Shield  
  80  6:32  Medivac x2  
  86  6:33  SCV  
  86  6:34  SCV  
  86  6:37  Marine x2, SCV  
  91  6:41  Marine  
  91  6:44  Marine x2  
  94  6:54  Supply Depot, SCV x3  
  94  6:55  Marine x2  
  94  6:56  Barracks  
  94  6:57  Barracks  
  99  7:06  Marine x3  
  99  7:07  SCV x2  
  101  7:12  Supply Depot  
  101  7:15  Marine x2  
  101  7:16  SCV  
  101  7:18  Factory, Armory  
  101  7:21  Supply Depot  
  101  7:22  SCV x2  
  106  7:24  Marine x3  
  109  7:33  Marine  
  109  7:34  SCV, Medivac x2  
  109  7:36  Supply Depot  
  115  7:43  Barracks Reactor, Marine x2  
  115  7:44  Marine x3  
  117  7:45  Widow Mine x2, Supply Depot  
  122  7:55  SCV x3  
  122  7:59  Refinery  
  122  8:01  Supply Depot, Refinery  
  122  8:05  Widow Mine, Drilling Claws  
  123  8:08  Terran Infantry Weapons Level 2  
  123  8:09  Terran Infantry Armor Level 2  
  123  8:14  Marine x2  
  123  8:15  Marine x4  
  123  8:19  Widow Mine x2  
  130  8:28  Medivac x2  
  130  8:29  Widow Mine  
  130  8:32  Marine  
  130  8:33  Supply Depot  
  137  8:34  Marine  
  137  8:35  Supply Depot  
  138  8:41  Terran Vehicle And Ship Armor Level 1  
  138  8:51  Marine x4, Command Center  
  138  8:52  Widow Mine x2  
  138  8:53  Widow Mine  
  148  8:58  Supply Depot, SCV  
  148  8:59  SCV x2  
  149  9:10  Marine x4  
  149  9:11  Marine x2, Marauder  
  149  9:16  SCV x3  
  160  9:20  Supply Depot  
  160  9:25  Barracks Reactor  
  160  9:30  Barracks  
  160  9:31  Barracks  
  160  9:32  Marauder  
  160  9:33  Barracks  
  161  9:39  Marine x3  
  161  9:40  Marine  
  161  9:42  Widow Mine x3  
  165  9:53  Medivac x2  
  165  9:54  Marauder  
  165  9:55  SCV x3  
  166  10:03  Widow Mine x3  
  171  10:15  Marauder  
  163  10:24  Widow Mine, Marine x6, Barracks Tech Lab x3  
  163  10:25  Widow Mine x2, Planetary Fortress  
  173  10:29  Sensor Tower  
  173  10:32  Terran Infantry Weapons Level 3, Terran Infantry Armor Level 3  
  173  10:36  Marauder  
  173  10:38  Medivac x2  
  173  10:40  Marine x2  
  181  10:44  Marine, Marauder x2  
  181  10:45  Concussive Shells, Marauder  
  188  10:51  Terran Vehicle And Ship Armor Level 2  
  188  10:58  Marauder  
  190  11:06  Marauder x2  
  190  11:08  Marauder  
  192  11:19  Marauder  
  192  11:22  Marine x4  
  163  11:27  Widow Mine x3, Marauder x2  
  163  11:29  Marine x4, Marauder  
  168  11:35  Medivac x2  
  166  11:40  Marauder  
  157  11:48  Widow Mine x3, Marine x8, Marauder  
  157  11:49  Marauder  
  157  11:50  Marauder  
  140  12:02  Marauder  
  140  12:05  Marine x2  
  140  12:06  Marine x4  
  132  12:09  Medivac  
  132  12:10  Marauder x2, Medivac  
  138  12:18  Orbital Command  
  133  12:23  Supply Depot  
  133  12:24  Supply Depot x2  
  133  12:26  Marine  
  132  12:31  Marine  
  132  12:34  Supply Depot  
  132  12:35  Supply Depot  
  132  12:44  Liberator  
  132  12:45  Marine, SCV x3  
  132  12:46  Widow Mine x3, Marauder x3  
  148  12:56  SCV, Marauder  
  151  12:58  Supply Depot  
  151  12:59  Supply Depot  
  151  13:03  Liberator  
  154  13:07  Widow Mine x3, Marauder x2  
  164  13:15  Supply Depot, Ghost Academy  
  164  13:16  Supply Depot x2  
  164  13:25  Marine x4, Marauder x2  
  175  13:28  Widow Mine, Marauder  
  175  13:30  Widow Mine  
  174  13:45  Medivac  
  169  13:54  Marine x2, Ghost x2  
  169  13:55  Marine, Marauder x2  
  173  13:57  Liberator  
  173  14:02  Medivac  
  173  14:09  Fusion Core, Starport  
  173  14:10  Starport  
  173  14:15  Liberator  
  173  14:16  Marauder  
  170  14:19  SCV x3, Command Center  
  165  14:27  Refinery x3  
  165  14:28  Refinery x2  
  165  14:30  SCV  
  166  14:31  SCV x2  
  166  14:32  SCV  
  166  14:33  Refinery  
  172  14:46  SCV x3  
  172  14:52  Marauder x2  
  181  14:53  Marine x4, Marauder  
  181  14:54  Starport Reactor  
  181  14:55  Starport Tech Lab  
  181  14:57  Medivac  
  129  15:14  Viking  
  153  15:15  Medivac  
  146  15:27  Medivac  
  111  15:29  Marine x2  
  111  15:30  Marine x4  
  104  15:44  Viking  
  104  15:45  Viking  
  92  15:57  Viking  
  89  16:11  SCV  
  89  16:14  Viking  
  89  16:15  Viking  
  95  16:25  SCV  
  95  16:30  Planetary Fortress  
  93  16:37  Ghost, SCV  
  96  16:45  Personal Cloaking  
  94  16:57  Viking x2  
  94  16:59  Orbital Command  
  93  17:10  SCV x2  
  95  17:22  SCV x2  
  97  17:25  SCV  
  97  17:28  Marine  
  99  17:34  Ghost, SCV x2  
  103  17:37  SCV  
  104  17:46  SCV x2  
  104  17:49  SCV  
  103  17:56  Widow Mine x2  
  103  17:57  Widow Mine, Marine  
  103  17:58  SCV x2, Marauder  
  96  18:01  SCV  
  98  18:07  Marauder  
  98  18:08  Marine  
  98  18:10  Marine, SCV x2  
  98  18:11  Marine  
  105  18:16  Ghost  
  107  18:21  Refinery x2  
  107  18:24  SCV x2  
  105  18:42  Refinery  

Tags
 
Add a new tag
Caveats
  • Supply blocks, unpowered buildings, or Contaminate may cause inaccurate times.
  • Supply counts are checked every 10 seconds.